 Dungeon Crawl Stone Soup version 0.17.1-2-g5865329 (webtiles) character file.

77 ololoev the Firebug (level 4, 0/24 HPs)
             Began as a Deep Elf Fire Elementalist on Jan 21, 2016.
             Was an Initiate of Sif Muna.
             Slain by a gnoll
             ... wielding a +0 halberd
              (9 damage)
             ... on level 3 of the Dungeon.
             The game lasted 00:08:06 (809 turns).

ololoev the Firebug (Deep Elf Fire Elementalist)     Turns: 809, Time: 00:08:06

Health: 0/24       AC:  3    Str:  5    XL:     4   Next: 13%
Magic:  10/11      EV: 13    Int: 21    God:    Sif Muna [......]
Gold:   34         SH:  0    Dex: 15    Spells: 3 memorised, 2 levels left

rFire  . . .     SeeInvis .     a - +0 short sword
rCold  . . .     Clarity  .     f - +0 robe
rNeg   . . .     SustAt   .     (no shield)
rPois  .         Gourm    .     (no helmet)
rElec  .         Spirit   .     (no cloak)
rCorr  .         Warding  .     (no gloves)
rMut   .         Stasis   .     m - +0 pair of boots
MR     .....                    (no amulet)
Stlth  ++........               (no ring)
                                (no ring)

@: not resistant to hostile enchantments, unstealthy
A: no striking features
a: Renounce Religion

Inventory:

Hand Weapons
 a - a +0 short sword (weapon)
Armour
 f - a +0 robe (worn)
 m - a +0 pair of boots (worn)
Scrolls
 d - a scroll of remove curse {unknown}
 h - a scroll of noise {unknown}
 j - a scroll of teleportation {unknown}
 k - a scroll of identify {unknown}
Potions
 e - 2 potions of curing {unknown}
 g - a potion of resistance {unknown}
Books
 b - a book of Flames

   Spells                             Type                      Level
   a - Flame Tongue                   Conjuration/Fire             1
   b - Throw Flame                    Conjuration/Fire             2
   c - Conjure Flame                  Conjuration/Fire             3
   d - Inner Flame                    Hexes/Fire                   3
   e - Sticky Flame                   Conjuration/Fire             4
   f - Fireball                       Conjuration/Fire             5
Comestibles
 c - a bread ration


   Skills:
 - Level 2.4 Dodging
 - Level 2.4 Stealth
 + Level 3.7 Spellcasting
 * Level 3.3 Conjurations
 * Level 3.9 Fire Magic


You had 2 spell levels left.
You knew the following spells:

 Your Spells              Type           Power        Failure   Level  Hunger
a - Flame Tongue          Conj/Fire      ###..        2%          1    None
b - Conjure Flame         Conj/Fire      ###.....     10%         3    ###....
c - Sticky Flame          Conj/Fire      ###.....     28%         4    ####...


You were on level 3 of the Dungeon.
You worshipped Sif Muna.
Sif Muna was noncommittal.
You were not hungry.

You visited 1 branch of the dungeon, and saw 4 of its levels.

You collected 34 gold pieces.

>.. ....##
.....###/#...#
.....#.......##.
................
..........)..
...gK....
#g#.#.# .
#.g@ho###....
###.#<......(
....b..........
..........#...#
.......#........
...)........!...
.....[..........
.......#........
#.... .....#...

Notes
Turn   | Place    | Note
--------------------------------------------------------------
     0 | D:1      | ololoev the Deep Elf Fire Elementalist began the quest for the Orb.
     0 | D:1      | Reached XP level 1. HP: 10/10 MP: 6/6
   237 | D:3      | Noticed ololoev's ghost (weakling DEFE)
   283 | D:2      | Reached XP level 2. HP: 9/15 MP: 8/8
   415 | D:2      | Noticed Terence
   429 | D:2      | Killed Terence
   429 | D:2      | Reached XP level 3. HP: 12/19 MP: 0/10
   435 | D:2      | Learned a level 3 spell: Conjure Flame
   546 | D:2      | Reached XP level 4. HP: 13/24 MP: 0/11
   562 | D:2      | Learned a level 4 spell: Sticky Flame
   615 | D:3      | Found a deep blue altar of Sif Muna.
   621 | D:2      | HP: 1/24 [jackal (2)]
   806 | D:3      | Became a worshipper of Sif Muna the Loreminder
   809 | D:3      | Slain by a gnoll

Dungeon Overview and Level Annotations

Branches:
Dungeon (4/15)
 Temple: D:4-7

Altars:
Sif Muna

Annotations:
D:3 ololoev's ghost, weakling DEFE


Message History

The jackal closely misses you. The bat hits you but does no damage.
The kobold throws a stone.
The stone barely misses you.
A gnoll comes into view.
Casting: Flame Tongue
Confirm with . or Enter, or press ? or * to list all spells.
Aiming: Flame Tongue
Press: ? - help, Shift-Dir - straight line, f/p - jackal
Aim: a jackal (severely wounded)
The flame tongue misses the jackal.
The gnoll shouts!
The bat barely misses you.
The jackal bites you but does no damage.
The orc misses you. The jackal bites you.
A gnoll comes into view. It is wielding a halberd.
The gnoll shouts!
Found a short sword.
Found an escape hatch in the floor.
A gnoll comes into view. It is wielding a spear.
You see here a jackal skeleton.
The bat hits you.
The kobold throws a stone.
The stone hits you but does no damage.
A bat comes into view.
There is a deep blue altar of Sif Muna, spattered with blood here.
You see here a stone.
You kneel at the altar of Sif Muna.
Sif Muna welcomes you!
The bat moves out of view.
The jackal closely misses you. The bat hits you. The jackal bites you.
You miss the bat. The bat closely misses you. The bat closely misses you.
The jackal bites you. The bat barely misses you.
You miss the bat. The bat barely misses you. The jackal bites you.
The gnoll closely misses you. The jackal barely misses you.
Read which item? (? for menu, Esc to quit)
As you read the scroll labeled QAAGIUMPOPS, it crumbles to dust.
Forget which spell ([?*] list [ESC] exit)?
Forget which spell ([?*] list [ESC] exit)?
Okay, then.
It was a scroll of amnesia.
The bat barely misses you. The jackal closely misses you. The gnoll misses you.
The gnoll hits you from afar with a halberd!
You die...

You could see 3 gnolls, an orc, a jackal, a bat and a kobold.

Vanquished Creatures
  Terence (D:2)
  An adder (D:2)
  An ooze (D:2)
  2 worms (D:2)
  2 bats (D:2)
  3 giant cockroaches
  2 hobgoblins (D:2)
  8 jackals
  2 kobolds (D:1)
  2 giant geckos
  4 giant newts
  2 goblins
  4 rats
34 creatures vanquished.

Action                   |  1- 3 |  4- 6 || total
-------------------------+-------+-------++-------
Melee: Short sword       |    27 |    16 ||    43
 Cast: Flame Tongue      |    39 |    16 ||    55
  Use: Scroll            |       |     1 ||     1
 Stab: Sleeping          |     3 |     1 ||     4

Vault maps used:
D:1:      minmay_arrival_four_circles, grunt_decor_arrowhead, st_stairs_2
D:2:      forest_paths, grunt_temple_overflow_order_and_chaos_1, first_bread,
          uniq_terence
D:3:      lemuel_crystal_altar, portal_sewer_entry_d
D:4:      elyvilon_altar_4, minmay_ruptured, uniq_crazy_yiuf_cottage
